 Dungeon Crawl Stone Soup version 0.19.1 (webtiles) character file.

93 Alarkh the Grave Robber (level 4, -2/30 HPs)
             Began as a Mummy Necromancer on Dec 6, 2016.
             Slain by a gnoll
             ... wielding a +0 spear
              (5 damage)
             ... on level 2 of the Dungeon.
             The game lasted 00:02:43 (1820 turns).

Alarkh the Grave Robber (Mummy Necromancer)         Turns: 1820, Time: 00:02:44

Health: -2/30      AC:  2    Str: 11    XL:     4   Next: 37%
Magic:  0/8        EV: 12    Int: 15    God:
Gold:   91         SH:  0    Dex: 12    Spells: 2 memorised, 5 levels left

rFire  x . .     SeeInvis .     h - +0 spear
rCold  + . .     Gourm    .     a - +0 robe
rNeg   + + +     Faith    .     (no shield)
rPois  ∞         Spirit   .     (no helmet)
rElec  .         Reflect  .     (no cloak)
rCorr  .         Harm     .     (no gloves)
MR     .....                    (no boots)
Stlth  ++........               c - amulet of inaccuracy (curse)
                                (no ring)
                                (no ring)

@: very slightly contaminated
A: no food or potions, fire vulnerability, cold resistance 1, negative energy
resistance 3, torment resistance, unbreathing
a: no special abilities


You were on level 2 of the Dungeon.
You were not hungry.

You visited 1 branch of the dungeon, and saw 2 of its levels.

You collected 91 gold pieces.

Inventory:

Hand Weapons
 h - a +0 spear (weapon)
Armour
 a - a +0 robe (worn)
Jewellery
 c - a cursed amulet of inaccuracy (around neck)
Scrolls
 d - a scroll of enchant armour
 e - a scroll of fog
 f - a scroll of enchant weapon
 g - a scroll of identify
 i - 2 scrolls of remove curse {unknown}
Books
 b - a book of Necromancy

   Spells                             Type                      Level
   a - Pain                           Necromancy                   1
   b - Animate Skeleton               Necromancy                   1
   c - Vampiric Draining              Necromancy                   3
   d - Regeneration                   Charms/Necromancy            3
   e - Animate Dead                   Necromancy                   4
   f - Control Undead                 Necromancy                   4


   Skills:
 - Level 1.5 Dodging
 - Level 1.5 Stealth
 + Level 3.3 Spellcasting
 + Level 5.0 Necromancy


You had 5 spell levels left.
You knew the following spells:

 Your Spells              Type           Power        Failure   Level  Hunger
a - Pain                  Necr           ###.         2%          1    N/A
b - Vampiric Draining     Necr           ###.......   10%         3    N/A

Dungeon Overview and Level Annotations

Branches:
Dungeon (2/15)

Altars:


Innate Abilities, Weirdness & Mutations

You do not eat or drink.
Your flesh is vulnerable to fire.
You are immune to poison.
Your flesh is cold resistant. (rC+)
You are immune to negative energy. (rN+++)
You are immune to unholy pain and torment.
You can survive without breathing.


Message History

The gnoll hits you from afar with a spear!
* * * LOW HITPOINT WARNING * * *
Casting: Pain
Confirm with . or Enter, or press ? or * to list all spells.
Aiming: Pain
Press: ? - help, Shift-Dir - straight line, f/p - gnoll
Aim: a gnoll, wielding a spear (almost dead, chance to defeat MR: 82%)
The gnoll writhes in agony!
The gnoll hits you from afar with a spear.
* * * LOW HITPOINT WARNING * * *
Casting: Pain
Confirm with . or Enter, or press ? or * to list all spells.
Aiming: Pain
Press: ? - help, Shift-Dir - straight line, f/p - gnoll
Aim: a gnoll, wielding a spear (almost dead, chance to defeat MR: 82%)
You miscast Pain.
You are very lightly contaminated with residual magic.
Nothing appears to happen.
The gnoll hits you from afar with a spear.
You die...

########
#(.....######
##
#.##......g.#
.#
##.##.#.####.#
.# #.....#.#
#@#
.####..####.#
#.#
.......####.#
#.#
..####......#
#.# ..#
######### #.#
..###.....#
#.#
...##.....#
#.#
...##.....#
#.#
##.##.....#
#.#


You could see a gnoll.

Vanquished Creatures
  2 gnolls (D:2)
  2 adders (D:2)
  3 worms (D:2)
  4 dart slugs
  3 leopard geckos
  A goblin (D:2)
  5 hobgoblins
  8 bats
  2 frilled lizards (D:1)
  2 kobolds (D:1)
  9 rats
41 creatures vanquished.

Notes
Turn   | Place    | Note
-------+----------+-------------------------------------------
     0 | D:1      | Alarkh the Mummy Necromancer began the quest for the Orb.
     0 | D:1      | Reached XP level 1. HP: 13/13 MP: 3/3
   221 | D:1      | Reached XP level 2. HP: 15/19 MP: 0/5
   693 | D:2      | Reached XP level 3. HP: 24/24 MP: 0/7
   698 | D:2      | Learned a level 3 spell: Vampiric Draining
  1624 | D:2      | Reached XP level 4. HP: 30/30 MP: 6/8
  1771 | D:2      | Reached skill level 5 in Necromancy
  1820 | D:2      | Slain by a gnoll

Skill      XL: |  1  2  3  4 |
---------------+-------------+-----
Spellcasting   | 3 |  3.3
Necromancy     | 5 |  5.0
Dodging        | |  1.5
Stealth        | |  1.5

Action                   |  1- 3 |  4- 6 || total
-------------------------+-------+-------++-------
Melee: Unarmed           |     8 |       ||     8
       Spear             |     8 |     3 ||    11
 Cast: Pain              |    79 |    20 ||    99
  Use: Scroll            |     3 |       ||     3
Armor: Robe              |     2 |     1 ||     3
Dodge: Dodged            |    31 |     3 ||    34
